 Dungeon Crawl Stone Soup version 0.30-a0-1085-g990a428a5c (webtiles) character file.

Game seed: 5515100700694150295

54 FexLirch the Sneak (level 3, -1/16 HPs)
             Began as a Vine Stalker Enchanter on Apr 16, 2023.
             Succumbed to an adder's poison
             ... on level 2 of the Dungeon.
             The game lasted 00:05:08 (869 turns).

FexLirch the Sneak (Vine Stalker Enchanter)          Turns: 869, Time: 00:05:09

Health: -1/16      AC:  3    Str: 10    XL:     3   Next: 91%
Magic:  0/7        EV: 12    Int: 15    God:
Gold:   60         SH:  0    Dex: 16    Spells: 4/6 levels left

rFire   . . .      SeeInvis .    a - +1 dagger
rCold   . . .      Faith    .    (no shield)
rNeg    + . .      Spirit   +    b - +0 robe
rPois   .          Reflect  .    g - +0 helmet
rElec   .          Rampage  .    (no cloak)
rCorr   .                        (no gloves)
Will    .....                    (no boots)
Stlth   +++                      (no amulet)
HPRegen 0.22/turn                n - ring of positive energy
MPRegen 0.10/turn                (no ring)

@: lethally poisoned (-1 -> -6), attractive
A: fangs 2, magic shield, antimagic bite, no potion heal 2
a: no special abilities


You were on level 2 of the Dungeon.
You visited 1 branch of the dungeon, and saw 2 of its levels.

You collected 60 gold pieces.

Inventory:

Hand Weapons
 a - a +1 dagger (weapon)
 p - a +0 short sword
Missiles
 h - 10 stones (quivered)
Armour
 b - a +0 robe (worn)
 g - a +0 helmet (worn)
Jewellery
 d - a ring of ice
 n - a ring of positive energy (left hand)
Wands
 q - a wand of mindburst (4)
Scrolls
 e - a scroll of noise {unknown}
 f - a scroll of torment {unknown}
 i - 2 scrolls of identify {unknown}
 k - a scroll of enchant weapon {unknown}
 o - a scroll of enchant armour {unknown}
 r - a scroll of fog {unknown}
Potions
 c - 2 potions of invisibility
 l - a potion of haste {unknown}
 m - a potion of resistance {unknown}
 s - a potion of lignification {unknown}


   Skills:
 * Level 1.8 Short Blades
 - Level 1.5 Dodging
 * Level 4.5 Stealth
 - Level 2.1 Spellcasting
 + Level 3.3 Hexes
 + Level 1.2 Ice Magic


You had 4 spell levels left.
You knew the following spells:

 Your Spells              Type           Power      Damage    Failure   Level
a - Ensorcelled Hibernat  Hex/Ice        16%        N/A       13%         2

Your spell library contained the following spells:

 Spells                   Type           Power      Damage    Failure   Level
 Confusing Touch          Hex            11%        N/A       17%         3
 Tukima's Dance           Hex            11%        N/A       17%         3
 Dazzling Flash           Conj/Hex       12%        N/A       32%         3


Dungeon Overview and Level Annotations

Branches:
Dungeon (2/15)

Altars:
Xom

Shops:
D:2 [


Innate Abilities, Weirdness & Mutations

You have extremely sharp teeth.
When hurt, damage is shared between your health and your magic reserves.
Your bite disrupts and absorbs the magic of your enemies.
Potions cannot restore your health.


Message History

Confirm with . or Enter, or press ? or * to list all spells.
Aiming: Ensorcelled Hibernation (safe; 13% risk of failure)
Press: ? - help, Shift-Dir - straight line, f/p - adder
Aim: an adder (chance to affect: 50%)
The adder looks drowsy...
You feel sick.
The helpless adder fails to defend itself.
You impale the adder!!
You kill the adder!
You feel sick. The bat hits you but does no damage.
You hit the bat.
The bat is moderately wounded.
You feel sick. The bat hits you but does no damage. x2
You hit the bat.
You kill the bat!
You feel sick.
Casting: Ensorcelled Hibernation (safe; 13% risk of failure)
Confirm with . or Enter, or press ? or * to list all spells.
Aiming: Ensorcelled Hibernation (safe; 13% risk of failure)
Press: ? - help, Shift-Dir - straight line, f - adder
Aim: an adder (chance to affect: 50%)
The adder resists with some effort.
You feel sick.
You are no longer poisoned.
The adder bites you.
You are poisoned.
The adder poisons you! The adder bites you.
You hit the adder. Your bite misses the adder.
The adder is lightly wounded.
You feel sick. The adder barely misses you.
Casting: Ensorcelled Hibernation (safe; 13% risk of failure)
Confirm with . or Enter, or press ? or * to list all spells.
You don't have enough magic to cast this spell.
You hit the adder but do no damage. Your bite misses the adder.
The adder is lightly wounded.
You feel sick. The adder bites you.
* * * LOW HITPOINT WARNING * * *
You are more poisoned.
The adder poisons you!
It was a potion of attraction.
You feel attractive to monsters.
You die...

#. #. #. #.
##### ##### #.
#.†.#######...#
#.
#.#...........#
#.
#...#######...#
#. ##@##
#...####) #S#
#>#...... ...
#...###.# #....
##### #.#
...... #.#
.......# #.#
........ #.#
##....###< #.#
#.#


You could see an adder.

Vanquished Creatures
  An adder (D:2)
  A dart slug (D:1)
  4 endoplasms (D:1)
  2 giant cockroaches (D:1)
  7 goblins
  3 hobgoblins
  3 jackals (D:1)
  6 kobolds
  2 quokkas (D:1)
  3 ball pythons
  3 bats
  4 rats
39 creatures vanquished.

Notes
Turn   | Place    | Note
-------+----------+-------------------------------------------
     0 | D:1      | FexLirch the Vine Stalker Enchanter began the quest for the
                  | Orb.
     0 | D:1      | Reached XP level 1. HP: 9/9 MP: 4/4
    32 | D:1      | Reached skill level 1 in Short Blades
   126 | D:1      | Reached XP level 2. HP: 10/13 MP: 4/6
   153 | D:1      | Learned a level 2 spell: Ensorcelled Hibernation
   163 | D:1      | Reached skill level 4 in Stealth
   389 | D:1      | Reached XP level 3. HP: 16/16 MP: 7/7
   666 | D:1      | Reached skill level 1 in Ice Magic
   761 | D:2      | Found Josiagol's Armour Emporium.
   781 | D:2      | Found a shimmering altar of Xom.
   869 | D:2      | Succumbed to an adder's poison

Illustrated notes

Levels and vault maps discovered:
D:1:      dpeg_arrival_three_smaller_balls, layout_basic
D:2:      layout_loops_ring, serial_shops, shop, basic_altar,
          uniq_crazy_yiuf_cottage

Skill      XL: |  1  2  3 |
---------------+----------+-----
Short Blades   | 1 |  1.8
Stealth        | 4 |  4.5
Ice Magic      | 1 |  1.2
Dodging        | |  1.5
Spellcasting   | |  2.1
Hexes          | |  3.3

Action                     || total
---------------------------++-------
  Melee: Dagger            ||    91
         Bite              ||    15
  Throw: Stone             ||     1
   Cast: Ensorcelled Hiber ||     5
    Use: Potion            ||     1
   Stab: Sleeping          ||     8
 Armour: Robe              ||    18
  Dodge: Dodged            ||    45

Table legend: (Time is in decaauts)
 A = Elapsed time spent in this place.
 B = Non-inter-level travel time spent in this place.
 C = Inter-level travel time spent in this place.
 D = Time resting spent in this place.
 E = Time spent auto-exploring this place.
 F = Levels seen in this place.
 G = Mean time per level.
                   A        B        C        D        E       F      G
               +--------+--------+--------+--------+--------+-----+--------+
         Total |    861 |    720 |    141 |      0 |    333 |   2 |  430.5 |
       Dungeon |    861 |    720 |    141 |      0 |    333 |   2 |  430.5 |
               +--------+--------+--------+--------+--------+-----+--------+

Top non-repeatable levels by time:
     D:1: 687 daAuts
     D:2: 173 daAuts
